Map: 16-Bit LE

Players

bongbinbong - Winner!

  • Race: Protoss Protoss
  • League: Bronze
  • Spawn Location: 7:00

A.I. 1 (Easy)

  • Race: Terran Terran
  • Spawn Location: 1:00

VOD

Have the link to the VOD?

Description

Time

  • Played on: Dec. 26, 2019, 8:33 p.m.
  • Length: 6:49
Show
View Real Time Build Order
Export as new Build Order

bongbinbong Protoss - Winner!

Build Orders: Blink Stalkers 

Get SALT Encoding   

  12  0:00  Probe  
  13  0:13  Probe  
  14  0:19  Pylon  
  14  0:25  Probe  
  15  0:37  Gateway  
  15  0:41  Assimilator  
  15  0:46  Assimilator  
  15  0:49  Probe  
  17  1:04  Probe (Chrono Boost)  
  17  1:15  Probe (Chrono Boost)  
  17  1:17  Gateway  
  18  1:24  Cybernetics Core  
  18  1:30  Probe  
  19  1:40  Pylon  
  19  1:43  Probe  
  20  1:55  Probe  
  21  2:02  Adept x2 (Chrono Boost)  
  25  2:13  Warp Gate (Chrono Boost)  
  25  2:15  Probe  
  26  2:24  Twilight Council  
  26  2:34  Pylon  
  26  2:46  Adept  
  26  2:47  Adept  
  30  3:02  Pylon  
  30  3:39  Gateway  
  30  3:40  Blink (Chrono Boost)  
  30  4:08  Nexus  
  30  4:11  Assimilator  
  30  4:16  Assimilator  
  30  4:34  Stalker  
  30  4:35  Stalker x2  
  36  4:43  Gateway  
  30  5:43  Stalker x4  
Show
View Real Time Build Order
Export as new Build Order

A.I. 1 (Easy) Terran 

Build Orders:  

Get SALT Encoding   

  12  0:00  SCV  
  13  0:13  SCV  
  14  0:20  Supply Depot  
  14  0:25  SCV  
  15  0:41  SCV  
  16  0:44  Barracks  
  16  0:46  Refinery  
  16  1:10  Supply Depot  
  16  1:22  Refinery  
  16  1:31  Barracks Tech Lab  
  16  1:33  Orbital Command  
  16  1:49  Marine  
  17  1:59  SCV  
  18  2:07  Marauder  
  20  2:11  SCV  
  20  2:14  Supply Depot  
  21  2:23  SCV  
  21  2:28  Marine  
  23  2:35  SCV  
  24  2:46  Marine  
  24  2:47  SCV  
  26  2:59  SCV  
  26  3:04  Marauder  
  29  3:29  SCV  
  28  3:41  SCV  
  29  4:15  Marine  
  29  4:17  SCV  
  29  4:20  Supply Depot  
  29  4:29  SCV  
  29  4:33  Marauder  
  31  4:54  Marine  
  32  5:13  SCV  
  32  5:18  Reaper  
  32  5:26  SCV  
  32  5:28  Supply Depot  
  32  5:32  Factory  
  30  5:38  SCV  
  23  5:50  SCV, Marine  
  23  6:02  SCV  
  22  6:08  Reaper  
  22  6:14  SCV  
  22  6:17  Hellion  
  20  6:20  Starport  
  14  6:26  SCV  
Tags
 
Composition
Blink Stalkers
League
Bronze
Matchup
PvT
Spawn Locations
Cross Positions
Add a new tag
Caveats
  • Supply blocks, unpowered buildings, or Contaminate may cause inaccurate times.
  • Supply counts are checked every 10 seconds.